 Dungeon Crawl Stone Soup version 0.31-a0-557-g6e16503903 (webtiles) character file.

Game seed: 17683066127906167486

211 Elsrick the Shooter (level 6, -7/47 HPs)
             Began as a Human Hunter on Aug 17, 2023.
             Mangled by a gnoll
             ... wielding a +0 flail
              (8 damage)
             ... on level 4 of the Dungeon.
             The game lasted 00:15:33 (3192 turns).

Elsrick the Shooter (Human Hunter)                  Turns: 3192, Time: 00:15:34

Health: -7/47      AC:  8    Str: 11    XL:     6   Next: 13%
Magic:  6/6        EV:  6    Int: 10    God:
Gold:   164        SH:  0    Dex: 18    Spells: 5/5 levels left

rFire   . . .        a - +0 shortbow
rCold   . . .        (shield currently unavailable)
rNeg    . . .        s - +0 chain mail
rPois   .            (no helmet)
rElec   .            (no cloak)
rCorr   .            (no gloves)
SInv    .            (no boots)
Will    .....        (no amulet) Stlth
                     (no ring)
HPRegen 0.27/turn    (no ring)
MPRegen 0.10/turn

%: no passive effects
@: about to teleport
A: no striking features
a: no special abilities


You were on level 4 of the Dungeon.
You visited 1 branch of the dungeon, and saw 4 of its levels.

You collected 164 gold pieces.

Inventory:

Hand Weapons
 a - a +0 shortbow (weapon)
 h - a +0 spear
 n - a +1 dagger of venom
Armour
 c - a +0 leather armour
 s - a +0 chain mail (worn)
Jewellery
 q - a +6 ring of intelligence
 t - a ring of magical power
Talismans
 i - a storm talisman
 j - a flux talisman
Scrolls
 b - a scroll of butterflies
 g - 3 scrolls of noise {unknown}
 k - a scroll of identify {unknown}
 m - a scroll of teleportation
 o - a scroll of poison {unknown}
 p - a scroll of amnesia {unknown}
 r - a scroll of enchant armour {unknown}
 u - a scroll of revelation {unknown}
Potions
 d - 3 potions of curing {unknown}
 e - 2 potions of enlightenment {unknown}
 f - 2 potions of haste {unknown}
 l - a potion of berserk rage {unknown}


   Skills:
 + Level 3.0 Fighting
 + Level 6.0 Ranged Weapons
 + Level 1.6 Armour
 + Level 2.3 Dodging
 + Level 1.0 Stealth


You had 5 spell levels left.
You didn't know any spells.
Your spell library contained the following spells:

 Spells                   Type           Power      Damage    Failure   Level
 Sandblast                Erth           0%         2d4       100%        1
 Passwall                 Tmut/Erth      0%         N/A       100%        2
 Ozocubu's Armour         Ice            0%         N/A       100%        3
 Stone Arrow              Conj/Erth      0%         3d7       100%        3
 Metabolic Englaciation   Hex/Ice        0%         N/A       100%        5
 Simulacrum               Ice/Necr       0%         N/A       100%        6


Dungeon Overview and Level Annotations

Branches:
Dungeon (4/15)
 Temple: D:4-7

Altars:
Ashenzari

Annotations:
D:4 Robin


Message History

The gnoll is severely wounded.
Fire: a) +0 shortbow
Press: ? - help, Q - select action Shift-Dir - straight line, f/p - gnoll
Aim: a gnoll, wielding a +0 flail (severely wounded, 69% to hit)
You shoot an arrow.
The arrow hits the gnoll but does no damage.
The gnoll is severely wounded.
The gnoll hits you with a +0 flail. The gnoll attacks as you move away!
The gnoll barely misses you.
Fire: a) +0 shortbow
Press: ? - help, Q - select action Shift-Dir - straight line, f/p - gnoll
Aim: a gnoll, wielding a +0 flail (severely wounded, 69% to hit)
You shoot an arrow. The arrow closely misses the gnoll.
The arrow hits the gnoll.
The gnoll is heavily wounded.
The gnoll completely misses you. The gnoll hits you but does no damage.
The gnoll barely misses you. The gnoll hits you with a +0 flail.
The gnoll attacks as you move away! The gnoll hits you with a +0 flail!
There is a broken altar of Ashenzari here.
The gnoll attacks as you move away! The gnoll closely misses you.
The gnoll attacks as you move away! The gnoll hits you with a +0 flail.
The gnoll hits you with a +0 flail. The gnoll completely misses you.
The gnoll attacks as you move away! The gnoll hits you with a +0 flail.
The gnoll attacks as you move away! The gnoll barely misses you.
The gnoll hits you from afar with a +0 spear.
The gnoll hits you with a +0 flail. The gnoll attacks as you move away!
The gnoll barely misses you. The gnoll attacks as you move away!
The gnoll hits you with a +0 flail!
* * * LOW HITPOINT WARNING * * *
The gnoll attacks as you move away! The gnoll hits you but does no damage.
The gnoll attacks as you move away! The gnoll barely misses you.
The gnoll attacks as you move away! The gnoll hits you with a +0 flail!
* * * LOW HITPOINT WARNING * * *
As you read the scroll labelled VUFUOSMOZI, it crumbles to dust.
You feel strangely unstable.
It was a scroll of teleportation.
The gnoll hits you from afar with a +0 spear.
* * * LOW HITPOINT WARNING * * *
The gnoll hits you with a +0 flail!
You die...

.# ##...........###..## ## ##
#...#......###..## #
##..#......##..## #
##.#######)..## # #..# ##...## #
##.####..g## ### ##### #..##..g##
######.. ....## #..#.g.##
#####....g.. .....#
##.....@.####...........
.....#####....###....#.###.....##
......##.....## ####...#####_####
............## ###.###.....##
............# # #...........
.......#...#####.. #####..###..
......#....#...... #####)###.#
......#...#....... #...#.....#
.........##....... #.......###


You could see 3 gnolls.

Vanquished Creatures
  A sleepcap (D:4)
  An orc wizard (D:3)
  A gnoll (D:4)
  7 adders
  2 worms
  3 dart slugs
  6 orcs
  6 bats
  5 endoplasms
  2 giant cockroaches
  9 hobgoblins
  9 kobolds
  A quokka (D:2)
  6 ball pythons
  4 frilled lizards
  7 goblins
  5 rats
75 creatures vanquished.

Notes
Turn   | Place    | Note
-------+----------+-------------------------------------------
     0 | D:1      | Elsrick the Human Hunter began the quest for the Orb.
     0 | D:1      | Reached XP level 1. HP: 16/16 MP: 1/1
   217 | D:1      | Reached XP level 2. HP: 22/22 MP: 2/2
   370 | D:1      | Reached XP level 3. HP: 27/27 MP: 3/3
   826 | D:2      | Found a faded altar of an unknown god.
   854 | D:2      | Reached XP level 4. HP: 18/34 MP: 4/4
   935 | D:2      | Reached skill level 5 in Ranged Weapons
  1485 | D:3      | Reached XP level 5. HP: 39/39 MP: 5/5
  1642 | D:3      | Reached skill level 1 in Armour
  2689 | D:4      | Noticed Robin
  2888 | D:4      | Found a broken altar of Ashenzari.
  3077 | D:4      | Reached skill level 6 in Ranged Weapons
  3077 | D:4      | Reached XP level 6. HP: 47/47 MP: 6/6
  3191 | D:4      | HP: 1/47 [gnoll/+0 spear (6)]
  3192 | D:4      | Mangled by a gnoll

Illustrated notes

Levels and vault maps discovered:
D:1:      sevenhm_arrival_forest_fort_large_2, layout_basic
D:2:      layout_basic, basic_ecumenical_altar, grunt_decor_one_mirror,
          hangedman_decor_points
D:3:      layout_loops_ring, chequers_serial_rivers_micro_e
D:4:      layout_cave_pods, cheibrodos_ashenzari_chains, due_unseen_surprise,
          uniq_robin

Skill      XL: |  1  2  3  4  5 |
---------------+----------------+-----
Ranged Weapons | 5 6 |  6.0
Armour         | 1 |  1.6
Fighting       | 3 |  3.0
Dodging        | |  2.3
Stealth        | |  1.0

Action                     |  1- 3 |  4- 6 || total
---------------------------+-------+-------++-------
   Fire: Shortbow          |    91 |   148 ||   239
    Use: Scroll            |       |     1 ||     1
 Armour: Leather armour    |    12 |     9 ||    21
         Chain mail        |       |    14 ||    14
  Dodge: Dodged            |    32 |    36 ||    68

Table legend: (Time is in decaauts)
 A = Elapsed time spent in this place.
 B = Non-inter-level travel time spent in this place.
 C = Inter-level travel time spent in this place.
 D = Time resting spent in this place.
 E = Time spent auto-exploring this place.
 F = Levels seen in this place.
 G = Mean time per level.
                   A        B        C        D        E       F      G
               +--------+--------+--------+--------+--------+-----+--------+
         Total |   3248 |   2951 |    297 |    433 |   1608 |   4 |  812.0 |
       Dungeon |   3248 |   2951 |    297 |    433 |   1608 |   4 |  812.0 |
               +--------+--------+--------+--------+--------+-----+--------+

Top non-repeatable levels by time:
     D:3: 991 daAuts
     D:2: 868 daAuts
     D:4: 764 daAuts
     D:1: 623 daAuts
